 Dungeon Crawl Stone Soup version 0.25-a0-975-gcae8493d64 (webtiles) character file.

Game seed: 11854819796559602799, levelgen mode: deterministic

63 Esekla the Conjurer (level 4, 0/38 HPs)
             Began as a Naga Conjurer on May 10, 2020.
             Slain by a jackal (2 damage)
             ... on level 4 of the Dungeon.
             The game lasted 00:08:20 (762 turns).

Esekla the Conjurer (Naga Conjurer)                  Turns: 762, Time: 00:08:23

Health: 0/38       AC:  2    Str: 11    XL:     4   Next: 9%
Magic:  3/7        EV:  9    Int: 16    God:
Gold:   75         SH:  5    Dex: 11    Spells: 4/7 levels left

rFire    . . .     SeeInvis +   k - +0 dagger (flame)
rCold    . . .     Gourm    .   j - +2 buckler
rNeg     . . .     Faith    .   a - +0 robe
rPois    +         Spirit   .   (no helmet)
rElec    .         Reflect  .   (no cloak)
rCorr    .         Harm     .   (no gloves)
MR       .....                  (no barding)
Stlth    ++........             (no amulet)
HPRegen  0.12/turn              (no ring)
MPRegen  0.10/turn              (no ring)

@: very slow
A: large, see invisible, deformed body, poison resistance, slowness 2, slow
metabolism 1, spit poison 1, AC +1
a: Spit Poison


You were on level 4 of the Dungeon.
You were not hungry.

You visited 1 branch of the dungeon, and saw 4 of its levels.

You collected 75 gold pieces.

Inventory:

Hand Weapons
 k - a +0 dagger of flaming (weapon)
Armour
 a - a +0 robe (worn)
 j - a +2 buckler (worn)
Scrolls
 e - a scroll of amnesia {unknown}
 g - 4 scrolls of identify {unknown}
 i - a scroll of enchant armour {unknown}
Potions
 b - a potion of resistance {unknown}
 d - a potion of lignification {unknown}
 f - a potion of cancellation {unknown}
 h - a potion of berserk rage {unknown}
Comestibles
 c - 2 rations
 l - a chunk of flesh


   Skills:
 * Level 1.1 Fighting
 + Level 0.2 Short Blades
 + Level 1.9 Dodging
 - Level 3.0 Stealth
 * Level 0.6 Shields
 * Level 2.2 Spellcasting
 + Level 4.7 Conjurations


You had 4 spell levels left.
You knew the following spells:

 Your Spells              Type           Power        Failure   Level  Hunger
a - Magic Dart            Conj           ###.         4%          1    #......
e - Searing Ray           Conj           ###...       6%          2    ###....

Your spell library contained the following spells:

 Spells                   Type           Power        Failure   Level  Hunger
 Dazzling Flash           Conj/Hex       #.....       32%         3    ###....
 Fulminant Prism          Conj/Hex       #.........   73%         4    #####..
 Iskenderun's Mystic Bla  Conj/Tloc      #.......     73%         4    #####..


Dungeon Overview and Level Annotations

Branches:
Dungeon (4/15)
 Temple: D:4-7

Altars:


Innate Abilities, Weirdness & Mutations

You cannot wear boots.
Your serpentine skin is tough. (AC +1)
You have supernaturally acute eyesight. (SInv)
Armour fits poorly on your strangely shaped body.
Your system is resistant to poisons. (rPois)
You cover ground very slowly.
You have a slow metabolism.
You can spit poison.


Message History

You hit the hound but do no damage.
The hound is almost dead.
The hound bites you but does no damage. You block the jackal's attack.
The jackal bites you. The leopard gecko barely misses you. The hound bites you.
* * * LOW HITPOINT WARNING * * *
The jackal closely misses you. The jackal barely misses you.
You barely miss the hound.
The hound is almost dead.
You block the hound's attack. The jackal completely misses you.
The leopard gecko bites you.
* * * LOW HITPOINT WARNING * * *
The jackal closely misses you.
You hit the hound but do no damage.
The hound is almost dead.
The hound bites you but does no damage. You block the jackal's attack.
The jackal closely misses you. The leopard gecko barely misses you.
The hound bites you.
* * * LOW HITPOINT WARNING * * *
The jackal bites you.
You die...

.. ... ...######
........#
........########
...............#
...............#
.......hlh.....#
.......h@......#
.........<.....#
...............#
...............#
...............#
...............#
...............#
..............#
.............#


You could see a hound, a leopard gecko and 2 jackals.

Vanquished Creatures
  Natasha (D:2)
  An adder (D:2)
  A dart slug (D:2)
  A leopard gecko (D:1)
  3 bats
  3 giant cockroaches
  3 goblins
  4 hobgoblins (D:1)
  2 jackals (D:1)
  4 kobolds
  2 rats
25 creatures vanquished.

Notes
Turn   | Place    | Note
-------+----------+-------------------------------------------
     0 | D:1      | Esekla the Naga Conjurer began the quest for the Orb.
     0 | D:1      | Reached XP level 1. HP: 15/15 MP: 3/3
   145 | D:2      | Noticed Natasha
   289 | D:1      | Reached XP level 2. HP: 24/24 MP: 1/5
   296 | D:1      | Learned a level 2 spell: Searing Ray
   494 | D:2      | Reached XP level 3. HP: 21/30 MP: 0/6
   536 | D:2      | Killed Natasha
   536 | D:2      | Reached skill level 1 in Fighting
   574 | D:2      | Reached XP level 4. HP: 30/38 MP: 2/7
   762 | D:4      | Slain by a jackal

Illustrated notes

Levels and vault maps discovered:
D:1:      minmay_arrival_solitary_statue, layout_loops_ring
D:2:      layout_basic, minitemple, first_ration, uniq_natasha
D:3:      layout_rooms, st_stairs_4
D:4:      layout_gridville, eino_tiny_chamber

Skill      XL: |  1  2  3 |
---------------+----------+-----
Fighting       | 1 |  1.1
Short Blades   | |  0.2
Dodging        | |  1.9
Stealth        | |  3.0
Shields        | |  0.6
Spellcasting   | |  2.2
Conjurations   | |  4.7

Action                   |  1- 3 |  4- 6 || total
-------------------------+-------+-------++-------
Melee: Unarmed           |     2 |       ||     2
       Dagger            |    28 |    11 ||    39
 Cast: Magic Dart        |    22 |     7 ||    29
       Searing Ray       |     2 |       ||     2
 Abil: Spit Poison       |    10 |     1 ||    11
 Stab: Sleeping          |     1 |     1 ||     2
       Distracted        |     1 |       ||     1
Armor: Robe              |    10 |     6 ||    16
Dodge: Dodged            |    23 |    33 ||    56
Block: Buckler           |     4 |    11 ||    15

Table legend:
 A = Non-vault XP
 B = Vault XP
 C = Vault XP percentage of total XP
 D = Non-vault monster count
 E = Vault monster count
 F = Vault count percentage of total count
                 A         B        C        D         E       F
            +---------+---------+-------+---------+---------+-------
      Total |      55 |      35 |  38.9 |      24 |       1 |   4.0
            +---------+---------+-------+---------+---------+-------
        D:1 |      31 |       0 |   0.0 |      17 |       0 |   0.0
        D:2 |      24 |      35 |  59.3 |       7 |       1 |  12.5
            +---------+---------+-------+---------+---------+-------
